cohdb
Replays
Latest Replays
All Replays
Popular Replays
Top Player Replays
Match Explorer
How It Works
Community
CoH3 Stats
Reddit
Sign in to upload your games and track your stats! →
Sign in with Steam
Match 47464453
Unlisted
Match 47464453
Overview
Messages
Build Orders
End
Selects Italian Combined Arms Battlegroup
Selects Bersaglieri Squad
Bersaglieri Squad
Kradschützen Motorcycle Team
Bersaglieri Squad
Construct Light Support Kompanie
Bersaglieri Squad
2.5-tonne Medical Truck
Selects Bersaglieri Bolster
Panzerjäger Squad
Construct Mechanized Kompanie
Panzerjäger Mechanized Group
Selects Breda Model 30 Light Machine Guns
Veteran Squad Leaders
Combat Half-tracks
Construct Panzerarmee Kommand
Walking Stuka Rocket Launcher
Selects Semovente da 75/18 Assault Gun
Walking Stuka Rocket Launcher
Selects Strafing Run
Selects Artillery Cover
991
Seven
mi prima de Cifuentes
cheez931
Freeze
KoMoDЫ4
_Nemez_
Hauptmann GLIST
0
0
Comments
sign in to comment!
No comments posted yet!